 Dungeon Crawl Stone Soup version 0.16-a0-3149-g1169300 (webtiles) character file.

547 myeffort the Ogre Mage (level 7, -11/59 HPs)
             Began as an Ogre Wizard on Dec 14, 2014.
             Was a Follower of Okawaru (penitent).
             Mangled by an ogre
             ... wielding a +0 giant club
              (22 damage)
             ... on level 5 of the Dungeon.
             The game lasted 00:20:37 (4856 turns).

myeffort the Ogre Mage (Ogre Wizard)                Turns: 4856, Time: 00:20:37

Health: -11/59     AC:  8    Str: 15    XL:     7   Next: 28%
Magic:  16/21      EV:  9    Int: 17    God:    Okawaru [*]
Gold:   254        SH:  0    Dex:  8    Spells: 6 memorised, 6 levels left

rFire  . . .     SeeInvis .     a - +3 short sword
rCold  . . .     Clarity  .     F - +2 robe {rN+}
rNeg   + . .     SustAb   .     (shield restricted)
rPois  .         Gourm    .     x - +0 hat
rElec  .         Spirit   .     u - +2 cloak
rCorr  .         Warding  .     (gloves unavailable)
rMut   .         Stasis   .     (boots unavailable)
MR     .....                    (no amulet)
Stlth  +.........               (no ring)
                                (no ring)

@: very slightly contaminated, hasted, very quick, not resistant to hostile
enchantments, very unstealthy
A: unfitting armour, tough skin 1
a: Renounce Religion


You were on level 5 of the Dungeon.
You worshipped Okawaru.
Okawaru was demanding penance.
You were not hungry.

You visited 1 branch of the dungeon, and saw 5 of its levels.

You collected 254 gold pieces.

Inventory:

Hand weapons
 a - a +3 short sword (weapon)
 b - a +0 blowgun
 e - a +0 club
 v - a +0 giant club
Missiles
 g - 16 exploding sling bullets
 y - 20 poisoned needles
Armour
 u - a +2 cloak (worn)
 x - a +0 hat (worn)
 F - a +2 robe of positive energy (worn)
Jewellery
 t - an uncursed amulet of clarity {unknown}
Scrolls
 h - 2 scrolls of magic mapping
 i - 3 scrolls of identify
 k - 2 scrolls of remove curse {unknown}
 l - a scroll of blinking {unknown}
 p - 2 scrolls of random uselessness {unknown}
 r - 2 scrolls of amnesia {unknown}
 A - 2 scrolls of fog {unknown}
 B - a scroll of enchant weapon {unknown}
 D - a scroll of noise {unknown}
Potions
 f - a potion of haste
 s - a potion of cancellation
 z - a potion of heal wounds {unknown}
Books
 c - a book of Minor Magic

   Spells                             Type                      Level
   a - Magic Dart                     Conjuration                  1
   b - Blink                          Translocation                2
   c - Call Imp                       Summoning                    2
   d - Repel Missiles                 Charms/Air                   2
   e - Slow                           Hexes                        2
   f - Conjure Flame                  Conjuration/Fire             3
   g - Mephitic Cloud                 Conjuration/Poison/Air       3
Comestibles
 d - a meat ration
 m - 3 bread rations
 q - 2 fruits
 w - 2 royal jellies
 C - 2 beef jerkies
 E - 4 chunks of flesh


   Skills:
 - Level 1.7 Dodging
 - Level 1.5 Stealth
 + Level 6.8 Spellcasting
 + Level 4.0 Conjurations
 - Level 0.6 Summonings
 - Level 0.6 Translocations


You had 6 spell levels left.
You knew the following spells:

 Your Spells              Type           Power        Failure   Level  Hunger
a - Magic Dart            Conj           ###.         2%          1    None
b - Call Imp              Summ           #.......     17%         2    None
c - Conjure Flame         Conj/Fire      ##......     17%         3    ##.....
d - Mephitic Cloud        Conj/Pois/Air  ##......     21%         3    ##.....
e - Blink                 Tloc           N/A          17%         2    None
f - Repel Missiles        Chrm/Air       #.....       21%         2    None


Dungeon Overview and Level Annotations

Branches:
Dungeon (5/15)
 Temple: D:4-7

Altars:
Makhleb
Okawaru
Sif Muna
Vehumet
Xom
The Shining One

Annotations:
D:5 Edmund


Innate Abilities, Weirdness & Mutations

You are too large for most types of armour.
You have tough skin (AC +1).


Message History

Aim: an ogre, wielding a giant club (moderately wounded)
The magic dart hits the ogre.
The ogre is moderately wounded.
Casting: Magic Dart
Confirm with . or Enter, or press ? or * to list all spells.
Aiming: Magic Dart
Press: ? - help, Shift-Dir - straight line, f/p - ogre
Aim: an ogre, wielding a giant club (moderately wounded)
The magic dart hits the ogre.
The ogre is heavily wounded.
Casting: Magic Dart
Confirm with . or Enter, or press ? or * to list all spells.
Aiming: Magic Dart
Press: ? - help, Shift-Dir - straight line, f/p - ogre
Aim: an ogre, wielding a giant club (heavily wounded)
You miscast Magic Dart.
Your hair stands on end.
You hit the ogre.
The ogre is severely wounded.
The ogre hits you with a giant club!!
You die...

##########
#).......#
#.######.# ###
#.# #.# ..
##.## #5# #.
##...## #.#
#†##.....####.#
#.......5O@...#
####.....###..#
##...####..#
##........#
#######.###
#†#.## #..#.##
##.###.## #.##
##.#


You could see an ogre and a friendly shadow imp.

Vanquished Creatures
  An ice beast (D:4)
  A quasit (D:4)
  Crazy Yiuf (D:2)
  2 hounds (D:4)
  2 orc wizards (D:4)
  A worker ant (D:4)
  5 adders
  A giant mite (D:4)
  A worm (D:3)
  2 adder skeletons (D:4)
  2 giant geckos
  3 oozes
  5 orcs
  3 ball pythons
  A bat skeleton (D:4)
  3 giant cockroaches
  10 hobgoblins
  15 jackals
  7 kobolds
  A quokka (D:2)
  5 bats
  4 giant newts
  12 goblins
  4 rats
  A fungus (D:2)
93 creatures vanquished.

Vanquished Creatures (collateral kills)
  A sky beast (D:5)
  An ogre (D:3)
  3 worker ants (D:4)
  Jessica (D:2)
  Terence (D:2)
  2 adders (D:3)
  A worm (D:3)
  An orc (D:3)
11 creatures vanquished.

Vanquished Creatures (others)
  An ogre (D:4)
  A centaur (D:4)
  7 crimson imps
  A hound (D:4)
  3 iron imps
  A worker ant (D:4)
  5 white imps
  A giant cockroach (D:4)
  A bat (D:4)
  3 goblins (D:4)
24 creatures vanquished.

Grand Total: 128 creatures vanquished

Notes
Turn   | Place    | Note
--------------------------------------------------------------
     0 | D:1      | myeffort, the Ogre Wizard, began the quest for the Orb.
     0 | D:1      | Reached XP level 1. HP: 16/16 MP: 4/4
   236 | D:1      | Reached skill level 1 in Conjurations
   327 | D:1      | Reached XP level 2. HP: 18/24 MP: 1/6
   591 | D:1      | Reached skill level 4 in Spellcasting
   871 | D:2      | Found a radiant altar of Vehumet.
   922 | D:2      | Reached XP level 3. HP: 10/31 MP: 7/9
  1092 | D:2      | Learned a level 2 spell: Call Imp
  1096 | D:2      | Learned a level 3 spell: Conjure Flame
  1100 | D:2      | Learned a level 3 spell: Mephitic Cloud
  1174 | D:2      | Found an iron altar of Okawaru.
  1249 | D:2      | Became a worshipper of Warmaster Okawaru
  1468 | D:2      | Noticed Jessica
  1471 | D:2      | Killed Jessica
  1507 | D:2      | Noticed Terence
  1518 | D:2      | Killed Terence
  1518 | D:2      | Reached XP level 4. HP: 25/39 MP: 0/12
  1825 | D:2      | Noticed Crazy Yiuf
  2120 | D:2      | Killed Crazy Yiuf
  2172 | D:3      | Noticed an ogre
  2194 | D:3      | Killed an ogre
  2194 | D:3      | Reached skill level 5 in Spellcasting
  2194 | D:3      | Reached XP level 5. HP: 41/45 MP: 4/15
  2241 | D:3      | Found a burning altar of Makhleb.
  2286 | D:3      | Learned a level 2 spell: Blink
  2289 | D:3      | Learned a level 2 spell: Repel Missiles
  3106 | D:4      | Killed an ogre
  3135 | D:4      | Killed a centaur
  3249 | D:4      | Acquired Okawaru's first power
  3249 | D:4      | Reached XP level 6. HP: 50/53 MP: 16/18
  3438 | D:4      | Reached skill level 6 in Spellcasting
  3693 | D:4      | Found a shimmering altar of Xom.
  3880 | D:4      | Found a glowing golden altar of the Shining One.
  4016 | D:4      | Noticed an ice beast
  4555 | D:4      | Was placed under penance by Okawaru
  4561 | D:4      | Killed an ice beast
  4561 | D:4      | Reached XP level 7. HP: 59/59 MP: 7/21
  4665 | D:5      | Entered Level 5 of the Dungeon
  4677 | D:5      | Noticed Edmund
  4702 | D:5      | Noticed a merfolk javelineer
  4702 | D:5      | Noticed a merfolk
  4702 | D:5      | Noticed a merfolk
  4702 | D:5      | Noticed a merfolk
  4702 | D:5      | Noticed a merfolk
  4702 | D:5      | Noticed a two-headed ogre
  4721 | D:5      | Found a deep blue altar of Sif Muna.
  4856 | D:5      | Mangled by an ogre

Action                   |  1- 3 |  4- 6 |  7- 9 || total
-------------------------+-------+-------+-------++-------
Melee: Club              |    23 |       |       ||    23
       Unarmed           |     4 |       |       ||     4
       Short sword       |    49 |   165 |    32 ||   246
 Fire: Blowgun           |       |     8 |       ||     8
 Cast: Magic Dart        |    42 |    85 |     6 ||   133
       Call Imp          |     6 |    47 |     8 ||    61
       Conjure Flame     |       |     3 |       ||     3
  Use: Scroll            |       |     5 |     1 ||     6
       Potion            |       |     1 |     2 ||     3
 Stab: Betrayed ally     |       |     1 |       ||     1
       Sleeping          |       |       |     1 ||     1
  Eat: Chunk             |     2 |    10 |     1 ||    13
